 Dungeon Crawl Stone Soup version 0.22-a0-322-g60b3cfd (webtiles) character file.

240 JeffiDaFish the Firebug (level 5, 0/38 HPs)
             Began as a Draconian Fire Elementalist on Apr 4, 2018.
             Succumbed to a worker ant's poison
             ... on level 3 of the Dungeon.
             The game lasted 00:09:39 (3639 turns).

JeffiDaFish the Firebug (DrFE)                      Turns: 3639, Time: 00:09:40

Health: 0/38       AC:  6    Str: 11    XL:     5   Next: 80%
Magic:  4/9        EV: 12    Int: 16    God:
Gold:   171        SH:  0    Dex: 11    Spells: 5/10 levels left

rFire    . . .     SeeInvis .   g - +1 hand axe (venom)
rCold    . . .     Gourm    .   (no shield)
rNeg     . . .     Faith    .   (armour unavailable)
rPois    .         Spirit   .   (helmet restricted)
rElec    .         Reflect  .   (no cloak)
rCorr    .         Harm     .   (no gloves)
MR       .....                  d - +0 pair of boots
Stlth    ++........             (no amulet)
HPRegen  0.12/turn              (no ring)
MPRegen  0.11/turn              (no ring)

@: lethally poisoned (0 -> -1), very slightly contaminated
A: unfitting armour, cold-blooded, AC +5
a: no special abilities


You were on level 3 of the Dungeon.
You were not hungry.

You visited 1 branch of the dungeon, and saw 4 of its levels.

You collected 171 gold pieces.

Inventory:

Hand Weapons
 g - a +1 hand axe of venom (weapon)
Armour
 d - a +0 pair of boots (worn)
Scrolls
 e - 2 scrolls of identify
Comestibles
 a - 6 chunks of flesh
 b - 7 rations


   Skills:
 - Level 2.0 Dodging
 - Level 1.8 Stealth
 + Level 3.2 Spellcasting
 * Level 3.8 Conjurations
 + Level 4.3 Fire Magic


You had 5 spell levels left.
You knew the following spells:

 Your Spells              Type           Power        Failure   Level  Hunger
a - Flame Tongue          Conj/Fire      ###..        3%          1    None
b - Sticky Flame          Conj/Fire      ###.....     34%         4    ####...


Dungeon Overview and Level Annotations

Branches:
Dungeon (4/15)
 Temple: D:4-7

Altars:
Ashenzari
Dithmenos
Fedhas
Hepliaklqana
Xom

Annotations:
D:4 quoriil's ghost, novice DEWz


Innate Abilities, Weirdness & Mutations

Your plain brown scales are hard. (AC +5)
You cannot fit into any form of body armour.
You are cold-blooded and may be slowed by cold attacks.


Message History

* * * LOW HITPOINT WARNING * * *
You feel sick.
You see here 3 chunks of flesh.
a - 6 chunks of flesh (gained 3)
* * * LOW HITPOINT WARNING * * *
You feel sick.
There is a stone staircase leading up here.
You climb upwards.
* * * LOW HITPOINT WARNING * * *
You feel sick.
There is a stone staircase leading down here.
You aren't carrying any potions.
Okay, then.
* * * LOW HITPOINT WARNING * * *
You feel sick.
* * * LOW HITPOINT WARNING * * *
You feel sick.
* * * LOW HITPOINT WARNING * * *
You feel sick.
You die...

........................)(..#[...
........................(.(.#....
............................#..).
............................##.#<
............................##.#.
.............<..............##.##
............................##.#
.............)..............##.##
................@................
.................................
.................................
...........................####..
.......(...................# #..
...........................# #..
...........................####..
.................................
................................#


There were no monsters in sight!

Vanquished Creatures
  A crimson imp (D:4)
  A hound (D:4)
  2 worker ants (D:4)
  3 adders
  A howler monkey skeleton (D:4)
  An ooze (D:4)
  An adder skeleton (D:4)
  A worm (D:3)
  3 dart slugs
  2 leopard geckos (D:4)
  8 orcs
  8 bats
  4 giant cockroaches
  9 goblins
  6 hobgoblins
  7 jackals
  A quokka (D:2)
  2 ball pythons
  3 frilled lizards
  6 kobolds
  4 rats
74 creatures vanquished.

Notes
Turn   | Place    | Note
-------+----------+-------------------------------------------
     0 | D:1      | JeffiDaFish the Draconian Fire Elementalist began the quest for the Orb.
     0 | D:1      | Reached XP level 1. HP: 14/14 MP: 3/3
   156 | D:1      | Reached XP level 2. HP: 20/20 MP: 3/5
   842 | D:1      | Reached XP level 3. HP: 26/26 MP: 6/6
  2141 | D:3      | Reached XP level 4. HP: 15/33 MP: 2/7
  2147 | D:2      | HP: 1/33 [orc/hand axe of venom (1)]
  2603 | D:3      | Learned a level 4 spell: Sticky Flame
  3149 | D:4      | Found a shimmering altar of Xom.
  3150 | D:4      | Found a hazy altar of Hepliaklqana.
  3150 | D:4      | Noticed a wyvern
  3151 | D:4      | Noticed a spectral ugly thing
  3151 | D:4      | Noticed a wyvern
  3163 | D:4      | Found a shadowy altar of Dithmenos.
  3163 | D:4      | Found a shattered altar of Ashenzari.
  3164 | D:4      | Found a blossoming altar of Fedhas.
  3208 | D:4      | Reached skill level 4 in Fire Magic
  3208 | D:4      | Reached XP level 5. HP: 21/38 MP: 4/9
  3564 | D:4      | Noticed quoriil's ghost (novice DEWz)
  3631 | D:3      | HP: 1/38 [poisoned by a worker ant]
  3639 | D:3      | Succumbed to a worker ant's poison

Vault maps used:
D:1:      dpeg_arrival_three_bigger_balls, minmay_misc_feat_x
D:2:      first_ration
D:4:      regret_index_temple_of_mockery, nicolae_overflow_hidden_temple,
          serial_shops, shop, enter_ossuary_2, hangedman_decor_peaks_small,
          kennysheep_small_circle

Skill      XL: |  1  2  3  4  5 |
---------------+----------------+-----
Dodging        | 2 |  2.0
Conjurations   | 2 3 |  3.8
Fire Magic     | 4 |  4.3
Spellcasting   | 3 |  3.2
Stealth        | |  1.8

Action                   |  1- 3 |  4- 6 || total
-------------------------+-------+-------++-------
Melee: Unarmed           |    30 |       ||    30
       Tailslap          |     8 |     8 ||    16
       Short sword       |    19 |       ||    19
       Spear             |    52 |    10 ||    62
       Hand axe          |       |    63 ||    63
 Cast: Flame Tongue      |    57 |    28 ||    85
  Use: Potion            |     6 |     5 ||    11
       Scroll            |     4 |     4 ||     8
 Stab: Sleeping          |     2 |     2 ||     4
  Eat: Chunk             |     5 |     5 ||    10
Armor: Skin              |    59 |    26 ||    85
Dodge: Dodged            |   133 |    61 ||   194

Table legend:
 A = Spawn XP
 B = Non-spawn XP
 C = Spawn XP percentage of total XP
 D = Spawn monster count
 E = Non-spawn monster count
 F = Spawn count percentage of total count
 G = Total turns spent on level
                    A         B        C        D         E        F      G
               +---------+---------+-------+---------+---------+-------+---------
         Total |       0 |     344 |   0.0 |       0 |      74 |   0.0 |  3639
               +---------+---------+-------+---------+---------+-------+---------
           D:1 |       0 |      46 |   0.0 |       0 |      26 |   0.0 |  1035
           D:2 |       0 |      38 |   0.0 |       0 |      18 |   0.0 |  1252
           D:3 |       0 |      68 |   0.0 |       0 |      20 |   0.0 |   795
           D:4 |       0 |     192 |   0.0 |       0 |      10 |   0.0 |   557
               +---------+---------+-------+---------+---------+-------+---------
